[Event "Titled Tuesday Blitz September 27 Early 2022"]
[White "Ozen, Bahadir"]
[Black "Pinheiro, Iung Alicio de O."]
[WhiteFideId "6337058"]
[BlackFideId "2104350"]
[WhiteElo "2503"]
[BlackElo "2283"]
[Result "1/2-1/2"]
[Round "04"]
[TimeControl "180+1"]
[Date "2022.09.27"]
[WhiteClock "0:01:04"]
[BlackClock "0:01:25"]

1. g3 d5 2. Nf3 c6 3. Bg2 Nf6 4. O-O Bf5 5. d3 h6 6. b3 e6 7. Bb2 Be7 8. c4 O-O 9. Nbd2 Nbd7 10. a3 a5 11. Qc2 Bh7 12. Bc3 Qb8 13. Qb2 Bd6 14. b4 axb4 15. axb4 e5 16. Rxa8 Qxa8 17. Ra1 Qb8 18. Qa2 Re8 19. c5 Bc7 20. Qa7 Qc8 21. Bh3 Bb8 22. Qa8 Qc7 23. Qa5 Qc8 24. Qa8 Qc7 25. Qa5 Qc8 26. Qa8 1/2-1/2


[Site "https://www.chess.com"]

[Event "Titled Tuesday Blitz September 27 Early 2022"]
[White "Pacheco Lugo, Alejandro Jose"]
[Black "Shivika, Rohilla"]
[WhiteFideId "3903745"]
[BlackFideId "45015414"]
[WhiteElo "2146"]
[BlackElo "1605"]
[Result "1-0"]
[Round "04"]
[TimeControl "180+1"]
[Date "2022.09.27"]
[WhiteClock "0:00:07"]
[BlackClock "0:00:45"]

1. e4 e5 2. Nf3 Nc6 3. Bc4 Bc5 4. c3 Nf6 5. d4 exd4 6. e5 d5 7. Bb5 Ne4 8. cxd4 Bb4+ 9. Nbd2 O-O 10. O-O Bd7 11. Bd3 Nxd2 12. Bxd2 Bxd2 13. Qxd2 f6 14. exf6 Qxf6 15. Rae1 Bg4 16. Ne5 Bf5 17. f4 Nxd4 18. Bxf5 Nxf5 19. Qxd5+ Kh8 20. Qxb7 Qb6+ 21. Qxb6 axb6 22. a3 g6 23. Rc1 c5 24. Nd7 Rfd8 25. Nxb6 Rab8 26. Nc4 Rd4 27. Rf2 Ne7 28. Ne5 Nd5 29. g3 Rb5 30. Kg2 Ne3+ 31. Kf3 Nd1 32. Rfc2 Nxb2 33. Rb1 Rb3+ 34. Kg2 Nd3 35. Rxb3 Ne1+ 36. Kf2 Nxc2 37. Rc3 Na1 38. Rxc5 Rd2+ 39. Kf3 Rxh2 40. Rc7 Ra2 41. Ra7 Nc2 42. a4 Nd4+ 43. Ke4 Nb3 44. Nf7+ Kg7 45. Ng5+ Kg8 46. Nxh7 Nc5+ 47. Ke5 Nxa4 48. Nf6+ Kf8 49. Nd7+ Ke8 50. Kf6 Ra3 51. Ne5 g5 52. Ra8# 1-0


[Site "https://www.chess.com"]

[Event "Titled Tuesday Blitz September 27 Early 2022"]
[White "Pakleza, Zbigniew"]
[Black "Caruana, Fabiano"]
[WhiteFideId "1119290"]
[BlackFideId "2020009"]
[WhiteElo "2411"]
[BlackElo "2847"]
[Result "0-1"]
[Round "04"]
[TimeControl "180+1"]
[Date "2022.09.27"]
[WhiteClock "0:00:06"]
[BlackClock "0:00:07"]

1. d4 Nf6 2. Nf3 e6 3. Bf4 b6 4. e3 Bb7 5. h3 Nc6 6. Nbd2 Ne7 7. Bh2 Ng6 8. Bd3 Bd6 9. Bxd6 cxd6 10. O-O O-O 11. c4 d5 12. Rc1 Qe7 13. Qb3 dxc4 14. Bxc4 Rfc8 15. Be2 Bd5 16. Qa4 Bc6 17. Bb5 Bxb5 18. Qxb5 Nd5 19. a3 h6 20. Qa6 Qd8 21. Ne4 Nc7 22. Qa4 d5 23. Nc3 Qe8 24. Qb3 Qd7 25. Rc2 Ne8 26. Rfc1 Nd6 27. Nd2 Ne7 28. Ne2 Rxc2 29. Rxc2 Rc8 30. Nf4 Nc6 31. Nd3 Na5 32. Rxc8+ Qxc8 33. Qb4 Qc7 34. Ne5 f6 35. Ng6 Kf7 36. Nh8+ Kg8 37. Ng6 Nab7 38. g3 a5 39. Qb3 b5 40. Kg2 Kf7 41. Nh8+ Ke8 42. Ng6 Kf7 43. Nh8+ Kg8 44. Ng6 Nd8 45. h4 N8f7 46. h5 Ng5 47. a4 b4 48. Qd3 Nc4 49. b3 Nxd2 50. Qxd2 Ne4 51. Qe2 Qb7 52. f3 Nc3 53. Qd3 Kf7 54. Nh8+ Ke8 55. Ng6 Kd7 56. Nf8+ Kd6 57. Qh7 Qf7 58. Ng6 Nd1 59. Qh8 Nxe3+ 60. Kh3 Nf5 61. Qd8+ Qd7 62. Qxa5 Qc7 63. Qxb4+ Kd7 64. a5 e5 65. Qb5+ Kc8 66. Qxd5 Nxd4 67. a6 Kb8 68. b4 Ka7 69. Qc5+ Qxc5 70. bxc5 Kxa6 71. f4 e4 72. g4 Kb5 73. Ne7 e3 74. Kg3 Kxc5 75. Ng6 Kc4 76. g5 Kd3 77. gxh6 e2 78. Kf2 Kd2 79. h7 e1=Q+ 80. Kg2 Qe2+ 81. Kg3 Qf3+ 82. Kh4 Nf5# 0-1


[Site "https://www.chess.com"]

[Event "Titled Tuesday Blitz September 27 Early 2022"]
[White "Papasimakopoulos, Alexandros"]
[Black "Vokhidov, Shamsiddin"]
[WhiteFideId "4244125"]
[BlackFideId "14204223"]
[WhiteElo "2357"]
[BlackElo "2619"]
[Result "0-1"]
[Round "04"]
[TimeControl "180+1"]
[Date "2022.09.27"]
[WhiteClock "0:00:03"]
[BlackClock "0:00:33"]

1. d4 Nf6 2. c4 e6 3. Nc3 Bb4 4. Qc2 d5 5. cxd5 exd5 6. Bg5 h6 7. Bh4 Nc6 8. e3 g5 9. Bg3 h5 10. Bb5 h4 11. Be5 O-O 12. Bxc6 bxc6 13. h3 Ne4 14. Ne2 Ba6 15. f3 Nxc3 16. bxc3 Bd6 17. O-O Qe7 18. f4 f6 19. Qg6+ Qg7 20. Qxg7+ Kxg7 21. Bxd6 cxd6 22. Rfe1 Rab8 23. Kh2 Rb2 24. Ng1 Bd3 25. a4 Rfb8 26. Rad1 Be4 27. Re2 Rxe2 28. Nxe2 Rb2 29. Re1 Ra2 30. fxg5 fxg5 31. Kg1 Rxa4 32. g3 Ra2 33. gxh4 gxh4 34. Nf4 a5 35. Rc1 a4 36. c4 Rc2 37. Ra1 Rxc4 38. Ra3 c5 39. Kf2 Kf6 40. Ne2 Bc2 41. Nc1 Bd1 42. Nd3 Bb3 43. Nf4 Rc2+ 44. Kf3 Kf5 45. Nh5 c4 46. Ng7+ Kf6 47. Ne8+ Ke7 48. Nc7 c3 49. e4 Rc1 50. Nxd5+ Bxd5 51. exd5 c2 52. Ke2 Rh1 0-1


[Site "https://www.chess.com"]

[Event "Titled Tuesday Blitz September 27 Early 2022"]
[White "Player, Edmund C"]
[Black "Saucey, Michel"]
[WhiteFideId "406520"]
[BlackFideId "601845"]
[WhiteElo "2092"]
[BlackElo "2253"]
[Result "0-1"]
[Round "04"]
[TimeControl "180+1"]
[Date "2022.09.27"]
[WhiteClock "0:00:01"]
[BlackClock "0:00:01"]

1. e4 c5 2. Nf3 e6 3. d4 cxd4 4. Nxd4 Nc6 5. Nc3 Qc7 6. g3 a6 7. Bg2 Nf6 8. O-O Nxd4 9. Qxd4 Bc5 10. Qd3 Ng4 11. h3 Ne5 12. Qe2 d6 13. Kh2 b5 14. f4 Nc6 15. Be3 Bxe3 16. Qxe3 O-O 17. Rad1 Bb7 18. Rd2 Rad8 19. Rfd1 Na5 20. b3 Rc8 21. Ne2 Rfd8 22. Nd4 b4 23. Nf3 h6 24. Ne1 Nc6 25. Nd3 a5 26. Nb2 Ba6 27. Bf1 Bxf1 28. Rxf1 Na7 29. Nc4 Nb5 30. f5 Nc3 31. f6 d5 32. fxg7 Kxg7 33. Qd4+ Kg8 34. exd5 Rxd5 35. Qg4+ Rg5 36. Qf4 Qxf4 37. Rxf4 a4 38. h4 Rd5 39. Rdf2 f5 40. g4 Rf8 41. bxa4 Nxa4 42. gxf5 Rdxf5 43. Rg4+ Kh7 44. Rxf5 exf5 45. Rd4 Nc3 46. Ne5 Nxa2 47. h5 Nc3 48. Rxb4 f4 49. Rb7+ Kg8 50. Kg2 Ne4 51. Kf3 Ng5+ 52. Kf2 Ne4+ 53. Kf1 f3 0-1


[Site "https://www.chess.com"]

[Event "Titled Tuesday Blitz September 27 Early 2022"]
[White "Principe, Gerson"]
[Black "Azadaliyev, Jahandar"]
[WhiteFideId "3804550"]
[BlackFideId "13425811"]
[WhiteElo "2280"]
[BlackElo "1810"]
[Result "1-0"]
[Round "04"]
[TimeControl "180+1"]
[Date "2022.09.27"]
[WhiteClock "0:00:10"]
[BlackClock "0:00:02"]

1. Nf3 Nf6 2. b3 e6 3. Bb2 b6 4. g3 Bb7 5. Bg2 Be7 6. O-O O-O 7. d4 d5 8. Nbd2 Nbd7 9. c4 Re8 10. Rc1 Rc8 11. Ne5 c6 12. Nxd7 Qxd7 13. e3 Bb4 14. a3 Bd6 15. Qe2 Rcd8 16. Rfd1 Ba6 17. Qe1 Bb7 18. b4 Bb8 19. Qf1 Rc8 20. Qd3 h6 21. Qb3 b5 22. cxb5 cxb5 23. Qd3 Bd6 24. Nb3 Rc4 25. Na5 Ba8 26. Nxc4 dxc4 27. Qe2 Bxg2 28. Kxg2 Qc6+ 29. f3 Rc8 30. e4 Be7 31. Bc3 a5 32. Rc2 axb4 33. axb4 Ra8 34. Qd2 Ra4 35. d5 exd5 36. exd5 Qd6 37. Qe1 Kh8 38. Rcd2 Kh7 39. Qe3 Bd8 40. Qe2 Ra3 41. Rc2 Rb3 42. Qd2 Kh8 43. Rb2 Ra3 44. Ra2 Rxa2 45. Qxa2 Nxd5 46. Qd2 Ne3+ 47. Kg1 Qxd2 48. Rxd2 Bb6 49. Kh1 Kh7 50. Rd6 Bc7 51. Rc6 Nd1 52. Bd2 Bd8 53. Rc5 Be7 54. Rxb5 c3 55. Bc1 Kg6 56. Kg2 c2 57. Rb6+ f6 58. Rc6 Kf7 59. b5 1-0


[Site "https://www.chess.com"]

[Event "Titled Tuesday Blitz September 27 Early 2022"]
[White "Quirke, Jeffrey"]
[Black "Aguilar, Juan"]
[WhiteFideId "2013029"]
[BlackFideId "3800091"]
[WhiteElo "2144"]
[BlackElo "2330"]
[Result "0-1"]
[Round "04"]
[TimeControl "180+1"]
[Date "2022.09.27"]
[WhiteClock "0:00:06"]
[BlackClock "0:00:19"]

1. c4 g6 2. g3 Bg7 3. Bg2 d6 4. Nf3 Nf6 5. O-O O-O 6. Nc3 Nc6 7. d3 a6 8. b3 Rb8 9. a4 e5 10. Bb2 Bg4 11. h3 Bd7 12. e4 Nd4 13. Nxd4 exd4 14. Ne2 c5 15. b4 b5 16. axb5 axb5 17. cxb5 Rxb5 18. Ba3 Qb6 19. bxc5 dxc5 20. Qc2 Rc8 21. Rfc1 h5 22. Nf4 Bf8 23. e5 Ne8 24. Nd5 Qb8 25. f4 Bc6 26. Qa2 Qb7 27. Rab1 Rd8 28. Rxb5 Qxb5 29. Rb1 Qxd3 30. Ne7+ Bxe7 31. Bxc6 Qxg3+ 32. Qg2 Qxa3 33. f5 Qe3+ 34. Kh1 Qg5 35. Qf2 Qxf5 36. Qxf5 gxf5 0-1


[Site "https://www.chess.com"]

[Event "Titled Tuesday Blitz September 27 Early 2022"]
[White "Rangel, Daniel"]
[Black "Arabidze, Meri"]
[WhiteFideId "2124475"]
[BlackFideId "13604040"]
[WhiteElo "2225"]
[BlackElo "2335"]
[Result "0-1"]
[Round "04"]
[TimeControl "180+1"]
[Date "2022.09.27"]
[WhiteClock "0:00:01"]
[BlackClock "0:00:16"]

1. c4 e6 2. g3 d5 3. Bg2 Nf6 4. Nf3 dxc4 5. Qa4+ Nbd7 6. Qxc4 c5 7. O-O b6 8. d4 Bb7 9. Nc3 Rc8 10. Rd1 a6 11. dxc5 Bxc5 12. Qh4 Qe7 13. Bf4 b5 14. Rac1 O-O 15. a3 Rfd8 16. b4 Bb6 17. Bd6 Qe8 18. e4 Bxf2+ 19. Kxf2 Rxc3 20. Ng5 Rxc1 21. Rxc1 h6 22. Nh3 Nf8 23. e5 Bxg2 24. Kxg2 Ng6 25. Qd4 Nd5 26. Qa7 Rc8 27. Rc5 Ra8 28. Qb7 Ne3+ 29. Kf2 Nc4 30. Nf4 Nxf4 31. gxf4 Qd8 32. Qe7 Qxe7 33. Bxe7 Nxa3 34. Rc7 Nc4 35. Bc5 a5 36. bxa5 Nxa5 37. Kf3 Rb8 38. Bb4 Nc4 39. Ke4 Nb6 40. Bd6 Nd5 0-1


[Site "https://www.chess.com"]

[Event "Titled Tuesday Blitz September 27 Early 2022"]
[White "Ravi, Thandalam Shanmugam"]
[Black "Forgacs, Attila Jr."]
[WhiteFideId "5000238"]
[BlackFideId "773654"]
[WhiteElo "2063"]
[BlackElo "2062"]
[Result "1/2-1/2"]
[Round "04"]
[TimeControl "180+1"]
[Date "2022.09.27"]
[WhiteClock "0:02:16"]
[BlackClock "0:00:57"]

1. e4 e5 2. Nf3 Nc6 3. Bb5 a6 4. Ba4 Nf6 5. d3 d6 6. Nc3 g6 7. O-O Bg7 8. Nd5 O-O 9. Bg5 Be6 10. c4 Bxd5 11. cxd5 Ne7 12. Qd2 Nd7 13. Bxd7 Qxd7 14. Rac1 f5 15. Rc4 f4 16. Bxe7 Qxe7 17. Rfc1 Rac8 18. Ng5 Qxg5 19. Rxc7 Rxc7 20. Rxc7 Rf7 21. Rc8+ Bf8 22. f3 Qh4 23. Qb4 g5 24. h3 h5 25. Qxd6 g4 26. Rxf8+ Rxf8 27. Qg6+ Kh8 28. Qh6+ Kg8 29. Qg6+ Kh8 30. Qh6+ Kg8 31. Qg6+ 1/2-1/2


[Site "https://www.chess.com"]

[Event "Titled Tuesday Blitz September 27 Early 2022"]
[White "Riehle, Marco"]
[Black "Spalir, Monika"]
[WhiteFideId "12904392"]
[BlackFideId "14609118"]
[WhiteElo "2462"]
[BlackElo "2032"]
[Result "1-0"]
[Round "04"]
[TimeControl "180+1"]
[Date "2022.09.27"]
[WhiteClock "0:01:49"]
[BlackClock "0:00:03"]

1. e4 c6 2. c4 d5 3. cxd5 cxd5 4. exd5 Nf6 5. Nc3 Nxd5 6. Nf3 Nc6 7. Bb5 Bf5 8. Qa4 Rc8 9. Qxa7 Nb4 10. O-O e6 11. Qxb7 Bd3 12. Ne5 Rc7 13. Nxc6 Rxb7 14. Nxd8+ Rxb5 15. Nxb5 Bxb5 16. Nb7 Bxf1 17. Kxf1 Be7 18. a3 Nc2 19. Rb1 Kd7 20. b4 Rb8 21. Na5 Nd4 22. Bb2 Nb5 23. Rc1 Bg5 24. Ke2 f6 25. a4 Nd6 26. b5 Ne4 27. Nc4 e5 28. f3 Nd6 29. Nxd6 Kxd6 30. Rc6+ Kd5 31. d3 f5 32. Ba3 f4 33. Rd6# 1-0


[Site "https://www.chess.com"]

[Event "Titled Tuesday Blitz September 27 Early 2022"]
[White "Rios Escobar, Adan"]
[Black "Karavade, Eesha"]
[WhiteFideId "3403645"]
[BlackFideId "5012600"]
[WhiteElo "2336"]
[BlackElo "2258"]
[Result "0-1"]
[Round "04"]
[TimeControl "180+1"]
[Date "2022.09.27"]
[WhiteClock "0:00:01"]
[BlackClock "0:00:46"]

1. d4 Nf6 2. g3 d5 3. Nf3 c5 4. Bg2 Nc6 5. O-O cxd4 6. Nxd4 e5 7. Nxc6 bxc6 8. c4 Be7 9. Nc3 Be6 10. Bg5 e4 11. cxd5 cxd5 12. Nb5 O-O 13. Rc1 Rb8 14. Nxa7 Rxb2 15. Nc6 Qd7 16. Nxe7+ Qxe7 17. a4 h6 18. Be3 Ra8 19. Ra1 Qb7 20. Bd4 Rb4 21. a5 Nd7 22. Qd2 Rb5 23. Rfc1 Kh7 24. e3 Rb3 25. h3 f6 26. Kh2 Ne5 27. Qc2 Nd3 28. Rcb1 Rxb1 29. Rxb1 Qc8 30. Qxc8 Bxc8 31. Bb6 Nxf2 32. Rb5 Be6 33. Rc5 Nd3 34. Rc7 Kg6 35. Bf1 Rc8 36. a6 Rxc7 37. Bxc7 Bc8 38. a7 Bb7 39. Kg2 Kf5 40. Be2 Ke6 41. Bh5 Nb4 42. Bb6 Kd7 43. Bg4+ Kc6 44. Bd4 Nc2 45. Bc8 Nxd4 0-1


[Site "https://www.chess.com"]

[Event "Titled Tuesday Blitz September 27 Early 2022"]
[White "Rivas Garcia, Victor"]
[Black "Ovchinnikov, Vsevolod"]
[WhiteFideId "2217740"]
[BlackFideId "24176842"]
[WhiteElo "2309"]
[BlackElo "2376"]
[Result "0-1"]
[Round "04"]
[TimeControl "180+1"]
[Date "2022.09.27"]
[WhiteClock "0:01:44"]
[BlackClock "0:00:21"]

1. e4 g6 2. d4 Bg7 3. Nc3 a6 4. a4 d6 5. f4 Nd7 6. Nf3 c5 7. Be3 b6 8. Be2 Bb7 9. O-O Ngf6 10. e5 Ng4 11. Qd2 Nxe3 12. Qxe3 cxd4 13. Nxd4 dxe5 14. fxe5 Nxe5 15. Rad1 Qc7 16. Nf3 O-O 17. Nd5 Bxd5 18. Rxd5 Nxf3+ 19. Bxf3 Rad8 20. c3 e6 21. Rdd1 Be5 22. h3 Kg7 23. Be2 a5 24. Bb5 Qc5 25. Qxc5 bxc5 26. Kf2 Rd6 27. Rxd6 Bxd6 28. Rd1 Rd8 29. Ke2 Kf6 30. Rf1+ Ke7 31. Rd1 h5 32. Rf1 h4 33. Rd1 f5 34. Bc4 Rb8 35. b3 Be5 36. Rd3 Rb6 37. Re3 Kf6 38. Kd2 Bf4 0-1


[Site "https://www.chess.com"]

[Event "Titled Tuesday Blitz September 27 Early 2022"]
[White "Rom, Jasper"]
[Black "Zaichenko, Daria"]
[WhiteFideId "2023733"]
[BlackFideId "4197453"]
[WhiteElo "2233"]
[BlackElo "2039"]
[Result "0-1"]
[Round "04"]
[TimeControl "180+1"]
[Date "2022.09.27"]
[WhiteClock "0:00:02"]
[BlackClock "0:00:13"]

1. e4 c5 2. Nc3 Nc6 3. f4 e6 4. Nf3 d5 5. Bb5 d4 6. Bxc6+ bxc6 7. Nb1 Ba6 8. d3 Nf6 9. b3 Be7 10. O-O O-O 11. Qe1 Qc7 12. a4 Rab8 13. Na3 Nd7 14. Bd2 e5 15. f5 c4 16. dxc4 Qd6 17. Qe2 Nc5 18. Ne1 Rbd8 19. Nd3 Bb7 20. Bb4 Qh6 21. Bxc5 Rfe8 22. Bxe7 Rxe7 23. Nc5 Bc8 24. Nb1 a5 25. Nd2 f6 26. Rf3 g5 27. fxg6 Bg4 28. gxh7+ Kxh7 29. Raf1 Rg7 30. Qf2 Bxf3 31. Nxf3 Rdg8 32. g3 Qh3 33. Qg2 Rxg3 34. hxg3 Rxg3 35. Qxg3 Qxg3+ 36. Kh1 Qh3+ 37. Nh2 Kg7 38. Rf2 Kf7 39. Nd3 Qe3 0-1


[Site "https://www.chess.com"]

[Event "Titled Tuesday Blitz September 27 Early 2022"]
[White "Roque Sola, Jose Luis"]
[Black "Martin, Lewis"]
[WhiteFideId "5120390"]
[BlackFideId "410551"]
[WhiteElo "1990"]
[BlackElo "2145"]
[Result "1-0"]
[Round "04"]
[TimeControl "180+1"]
[Date "2022.09.27"]
[WhiteClock "0:00:03"]
[BlackClock "0:00:02"]

1. c4 c6 2. Nf3 Nf6 3. g3 d5 4. b3 Bf5 5. Bb2 Nbd7 6. Bg2 e6 7. O-O Bd6 8. d3 Qe7 9. Nbd2 h5 10. Nh4 Bh7 11. Ndf3 O-O-O 12. a3 Kb8 13. b4 dxc4 14. dxc4 Be4 15. Qc1 Rhg8 16. c5 Bc7 17. a4 Nd5 18. Qc4 Bxf3 19. Nxf3 g5 20. e4 N5f6 21. b5 cxb5 22. axb5 Ng4 23. c6 Nde5 24. Nxe5 Nxe5 25. Qa4 Qc5 26. cxb7 Kxb7 27. Qa6+ Kb8 28. Rfc1 Qb6 29. Qxb6+ axb6 30. Rxc7 Kxc7 31. Bxe5+ Kd7 32. Ra7+ Ke8 33. Rb7 Rg6 34. Rxb6 Kf8 35. Rc6 Rd1+ 36. Bf1 Rb1 37. b6 f6 38. Bd6+ Kg8 39. Rc8+ Kh7 40. Rb8 Rg7 41. Bc7 Rd7 42. Kg2 h4 43. gxh4 gxh4 44. Bc4 Rg7+ 45. Kf3 Rc1 46. Bxe6 1-0


[Site "https://www.chess.com"]

[Event "Titled Tuesday Blitz September 27 Early 2022"]
[White "Rostomyan, Mikayel"]
[Black "Ravi, Teja S."]
[WhiteFideId "13313754"]
[BlackFideId "5017220"]
[WhiteElo "1426"]
[BlackElo "2432"]
[Result "0-1"]
[Round "04"]
[TimeControl "180+1"]
[Date "2022.09.27"]
[WhiteClock "0:00:04"]
[BlackClock "0:00:30"]

1. d4 d5 2. c4 c6 3. Nf3 Nf6 4. e3 Bg4 5. Nc3 e6 6. b3 Bb4 7. Bd2 O-O 8. Be2 Nbd7 9. O-O Qe7 10. a3 Bxa3 11. c5 Bb2 12. Ra2 Bxc3 13. Bxc3 Ne4 14. Be1 a6 15. h3 Bh5 16. Ba5 Rac8 17. Nd2 Bxe2 18. Qxe2 Ndf6 19. Nb1 e5 20. Be1 exd4 21. exd4 Qc7 22. Qf3 Rfe8 23. h4 h5 24. Na3 Ng4 25. g3 Re6 26. Nc2 Rf6 27. Qg2 Re8 28. f3 Rg6 29. fxg4 Rxg4 30. Ne3 Rg6 31. Nf5 Ree6 32. Re2 b6 33. Nd6 Nxd6 34. cxd6 Qxd6 35. Rxe6 Qxe6 36. Bd2 c5 37. dxc5 bxc5 38. Bf4 d4 39. Qa8+ Kh7 40. Qf3 Rg4 41. Kg2 a5 42. Rf2 a4 43. bxa4 c4 44. Re2 Qg6 45. Re4 Rxh4 46. Rxd4 Qc2+ 47. Qf2 Rh2+ 0-1


[Site "https://www.chess.com"]

[Event "Titled Tuesday Blitz September 27 Early 2022"]
[White "Rostovtsev, Dmitry"]
[Black "Gevorgyan, David Sh."]
[WhiteFideId "34278320"]
[BlackFideId "13303244"]
[WhiteElo "2313"]
[BlackElo "2235"]
[Result "1-0"]
[Round "04"]
[TimeControl "180+1"]
[Date "2022.09.27"]
[WhiteClock "0:02:10"]
[BlackClock "0:00:44"]

1. e4 g6 2. d4 Bg7 3. Nc3 d6 4. f4 a6 5. Nf3 b5 6. Bd3 Bb7 7. e5 e6 8. Be4 Bxe4 9. Nxe4 Ne7 10. a4 bxa4 11. Rxa4 Nf5 12. c3 Nd7 13. O-O Nb6 14. Ra1 Nd5 15. Qe1 h5 16. g3 Qd7 17. h3 Qc6 18. g4 hxg4 19. hxg4 Nfe7 20. Kg2 Kd7 21. b3 f5 22. exf6 Nxf6 23. Neg5 Rae8 24. Qxe6+ Kd8 25. Nf7# 1-0


[Site "https://www.chess.com"]

[Event "Titled Tuesday Blitz September 27 Early 2022"]
[White "Sadilek, Peter"]
[Black "Aloma Vidal, Robert"]
[WhiteFideId "1616439"]
[BlackFideId "2260409"]
[WhiteElo "2145"]
[BlackElo "2435"]
[Result "0-1"]
[Round "04"]
[TimeControl "180+1"]
[Date "2022.09.27"]
[WhiteClock "0:00:03"]
[BlackClock "0:01:45"]

1. d4 d5 2. c4 c6 3. Nf3 Nf6 4. Nc3 e6 5. g3 Nbd7 6. Bg2 dxc4 7. O-O Bd6 8. Nd2 Nb6 9. e4 e5 10. Nf3 exd4 11. Qxd4 Be7 12. Qxd8+ Bxd8 13. e5 Nfd5 14. Ne4 O-O 15. Nd6 Be7 16. Nd4 Bxd6 17. exd6 Rd8 18. Re1 Bg4 19. h3 Bh5 20. Nf5 Bg6 21. Ne7+ Kf8 22. a4 a5 23. Nxd5 Nxd5 24. Bxd5 cxd5 25. Be3 Rac8 26. Rad1 Rxd6 27. Bf4 Rd7 28. Be5 Bc2 29. Ra1 d4 0-1


[Site "https://www.chess.com"]

[Event "Titled Tuesday Blitz September 27 Early 2022"]
[White "Sadykov, Ramil"]
[Black "Wagner, Dennis"]
[WhiteFideId "24113590"]
[BlackFideId "24650684"]
[WhiteElo "2243"]
[BlackElo "2355"]
[Result "0-1"]
[Round "04"]
[TimeControl "180+1"]
[Date "2022.09.27"]
[WhiteClock "0:00:03"]
[BlackClock "0:00:15"]

1. e4 e5 2. Nf3 Nc6 3. Nc3 Nf6 4. d4 exd4 5. Nxd4 Bc5 6. Be3 Bb6 7. Nxc6 bxc6 8. Qf3 O-O 9. Bd3 d6 10. O-O Ng4 11. Bd2 Qh4 12. Qg3 Qxg3 13. hxg3 Be6 14. Na4 f5 15. Nxb6 axb6 16. a3 Ne5 17. exf5 Bxf5 18. Bxf5 Rxf5 19. f3 Nc4 20. Bc3 Ne3 21. Rf2 Nd5 22. Bd2 Re5 23. Re1 Rxe1+ 24. Bxe1 Re8 25. Bd2 b5 26. g4 Kf7 27. Kf1 Nb6 28. Re2 Rxe2 29. Kxe2 Na4 30. Bc1 Ke6 31. b3 Nc3+ 32. Kd3 Nd5 33. a4 Nb4+ 34. Kd2 Kd7 35. Bb2 g6 36. Bc3 Nd5 37. g3 h5 38. gxh5 gxh5 39. Bd4 c5 40. Bf2 bxa4 41. bxa4 Nb6 42. g4 hxg4 43. fxg4 Nxa4 44. c4 Ke6 45. Bh4 Nb6 46. Kd3 Nd7 47. Bd8 Ne5+ 48. Kc3 c6 49. g5 Nf7 50. g6 Nxd8 51. g7 Kf7 0-1


[Site "https://www.chess.com"]

[Event "Titled Tuesday Blitz September 27 Early 2022"]
[White "Sai Han Thiha"]
[Black "Jaskolka, Tomasz"]
[WhiteFideId "13012290"]
[BlackFideId "1170791"]
[WhiteElo "1791"]
[BlackElo "2073"]
[Result "0-1"]
[Round "04"]
[TimeControl "180+1"]
[Date "2022.09.27"]
[WhiteClock "0:00:02"]
[BlackClock "0:00:11"]

1. d4 e6 2. Nf3 f5 3. Bf4 Nf6 4. e3 d6 5. Bd3 Be7 6. O-O O-O 7. c4 b6 8. Nc3 Bb7 9. h3 Ne4 10. Bxe4 fxe4 11. Nd2 d5 12. Rc1 c6 13. Qg4 Qd7 14. f3 exf3 15. Nxf3 Bd6 16. Ne5 Bxe5 17. Bxe5 Na6 18. cxd5 cxd5 19. Nb5 Rxf1+ 20. Rxf1 Rf8 21. Rc1 Bc8 22. Nd6 Nc7 23. Nxc8 Rxc8 24. Rxc7 Rxc7 25. Bxc7 Qxc7 26. Qxe6+ Kf8 27. Qf5+ Ke7 28. Qxd5 Qc1+ 29. Kh2 Qxe3 30. a4 Qf4+ 31. g3 Qf2+ 32. Kh1 Qf1+ 33. Kh2 Qf2+ 34. Qg2 Qxd4 35. Qe2+ Kd6 36. b3 Qe5 37. Qd3+ Qd5 38. Qe3 h6 39. h4 Qe5 40. Qd3+ Kc5 41. Qc4+ Kd6 42. Qd3+ Ke6 43. Qc4+ Qd5 44. Qg4+ Kf6 45. Qf4+ Ke6 46. Qg4+ Kf6 47. Qf4+ Qf5 48. Qd2 Qe6 49. Qd4+ Kf7 50. Qf4+ Qf6 51. Qc7+ Qe7 52. Qc4+ Qe6 53. Qf4+ Kg6 54. Qf3 Qf5 55. Qe3 Kf6 56. Qc3+ Qe5 57. Qf3+ Ke6 58. Qc6+ Kf5 59. Qc2+ Kg4 60. Qc4+ Kf3 61. Qd3+ Qe3 62. Qf5+ Ke2 63. Qc2+ Qd2 64. Qc4+ Kf3+ 0-1


[Site "https://www.chess.com"]

[Event "Titled Tuesday Blitz September 27 Early 2022"]
[White "Sailer, Mike"]
[Black "Flis, Pawel"]
[WhiteFideId "2012901"]
[BlackFideId "1112864"]
[WhiteElo "2109"]
[BlackElo "1735"]
[Result "1-0"]
[Round "04"]
[TimeControl "180+1"]
[Date "2022.09.27"]
[WhiteClock "0:00:33"]
[BlackClock "0:01:18"]

1. d4 c5 2. d5 Nf6 3. Nc3 e6 4. e4 d6 5. Nf3 exd5 6. exd5 Be7 7. h3 O-O 8. Bd3 Na6 9. a3 Nc7 10. O-O Rb8 11. a4 h6 12. Re1 Nfxd5 13. Nxd5 Nxd5 14. c3 Nf6 15. Bc2 Be6 16. Bf4 Rc8 17. Qd3 c4 18. Qd2 Qd7 19. Rad1 Bf5 20. g4 Be6 21. Qe3 b6 22. Nd4 Nd5 23. Qe4 Nxf4 24. Qh7# 1-0


[Site "https://www.chess.com"]

[Event "Titled Tuesday Blitz September 27 Early 2022"]
[White "Salman, Pavel"]
[Black "Ardila, Oscar Humberto"]
[WhiteFideId "24153753"]
[BlackFideId "4404742"]
[WhiteElo "2039"]
[BlackElo "1898"]
[Result "0-1"]
[Round "04"]
[TimeControl "180+1"]
[Date "2022.09.27"]
[WhiteClock "0:00:07"]
[BlackClock "0:00:19"]

1. Nf3 Nf6 2. g3 g6 3. Bg2 Bg7 4. O-O d6 5. d3 O-O 6. Nbd2 Nbd7 7. e4 e5 8. c3 c6 9. Re1 Qc7 10. a4 a5 11. Nc4 Re8 12. h4 h5 13. Bg5 Ng4 14. Nh2 Nxh2 15. Kxh2 Nc5 16. Be3 Bg4 17. f3 Be6 18. Qe2 Rad8 19. f4 Bg4 20. Qc2 exf4 21. Bxf4 Be5 22. Nxe5 dxe5 23. Bh6 Nxd3 24. Rf1 Rd7 25. Rf6 Re6 26. Raf1 Rxf6 27. Rxf6 Qd8 28. Rf1 Qb6 29. b3 Be6 30. Bh3 Bxh3 31. Kxh3 Qd8 32. Bg5 Qe8 33. Rf6 Nc5 34. Be3 Ne6 35. Qe2 Qe7 36. Rf1 Qa3 37. Rd1 Rxd1 38. Qxd1 Qb2 39. Bh6 Qf2 40. Qd3 Kh7 41. Bd2 Kg8 42. b4 axb4 43. cxb4 Qd4 44. Qxd4 exd4 45. g4 Kf8 46. gxh5 gxh5 47. Kg2 Ke7 48. Kf3 Kd6 49. Ke2 c5 50. Kd3 cxb4 51. Bxb4+ Ke5 52. Bd2 Nc5+ 53. Kc4 Nxe4 54. Ba5 Nd6+ 55. Kc5 d3 56. Bc3+ Ke6 57. Kd4 Nf5+ 58. Kxd3 Nxh4 59. Kc4 Kd7 60. Kb5 Kc8 61. Bf6 Nf3 62. a5 h4 63. Be7 h3 64. Bd6 h2 65. Bxh2 Nxh2 66. a6 bxa6+ 67. Kxa6 f5 68. Kb5 f4 69. Kc4 f3 70. Kd3 f2 0-1


[Site "https://www.chess.com"]

[Event "Titled Tuesday Blitz September 27 Early 2022"]
[White "Sanchez Alvares, Kelvin Antonio"]
[Black "Ozer, Omer Faruk"]
[WhiteFideId "3906680"]
[BlackFideId "6354564"]
[WhiteElo "2189"]
[BlackElo "2053"]
[Result "1-0"]
[Round "04"]
[TimeControl "180+1"]
[Date "2022.09.27"]
[WhiteClock "0:00:50"]
[BlackClock "0:00:05"]

1. e4 c6 2. d4 g6 3. h4 d5 4. e5 h5 5. Bg5 Bh6 6. Nh3 Bxh3 7. Rxh3 Bxg5 8. hxg5 e6 9. Qd2 Ne7 10. g4 c5 11. gxh5 gxh5 12. Nc3 cxd4 13. Nb5 Nf5 14. Bd3 a6 15. Bxf5 axb5 16. Bd3 Qa5 17. a3 Nc6 18. f4 b4 19. a4 Qc5 20. b3 Qc3 21. Rd1 O-O-O 22. Kf2 Kb8 23. Qxc3 bxc3 24. Rdh1 Nb4 25. Ke2 Na2 26. Rxh5 Nc1+ 27. Kd1 Rxh5 28. Rxh5 Nxd3 29. cxd3 Ka7 30. b4 Kb6 31. Rh7 Ra8 32. a5+ Kb5 33. Rxf7 Kxb4 34. Rxb7+ Kxa5 35. g6 Rg8 36. g7 Ka6 37. Re7 Kb5 38. Kc2 Ra8 39. Rb7+ Kc6 40. Re7 Ra2+ 41. Kb1 Rb2+ 42. Kc1 Rg2 43. Rxe6+ Kc5 44. Re7 Rg1+ 45. Kc2 Rg2+ 46. Kb3 Rb2+ 47. Ka3 Rb8 48. f5 Kc6 49. Re6+ Kc5 50. Rg6 c2 51. Rg1 1-0


[Site "https://www.chess.com"]